 Dungeon Crawl Stone Soup version 0.31-a0-876-gfe8ebadbca (webtiles) character file.

Game seed: 12888323534770148919

12150 Gargoyl the Cleaver (level 11, -6/103 HPs)
             Began as a Gargoyle Berserker on Oct 14, 2023.
             Was an Elder of Trog.
             Mangled by a catoblepas (12 damage)
             ... on level 1 of the Lair of Beasts.
             The game lasted 00:14:39 (10456 turns).

Gargoyl the Cleaver (Gargoyle Berserker)           Turns: 10456, Time: 00:14:40

Health: -6/103     AC: 21    Str: 24    XL:     11   Next: 88%
Magic:  11/11      EV: 14    Int:  8    God:    Trog [****..]
Gold:   1134       SH:  0    Dex: 12    Spells: 10/10 levels left

rFire   . . .        a - +1 hand axe (venom)
rCold   + + +        (no shield)
rNeg    + + +        o - +3 ring mail {rC+}
rPois   ∞            (no helmet)
rElec   +            p - +0 cloak
rCorr   .            q - +0 pair of gloves
SInv    +            (no boots)
Will    .....        x - amulet of Foom {Drain rC+++ rN+++ Will- Regen+} Stlth
                     y - ring of see invisible
HPRegen 1.97/turn    (no ring)
MPRegen 0.12/turn

%: no passive effects
@: berserking, very quick
A: sickness immunity, AC +8, negative energy resistance 1, electricity
resistance, torment resistance 1, petrification resistance, regeneration 1,
strong 1
a: Renounce Religion, Berserk, Trog's Hand, Brothers in Arms


You were on level 1 of the Lair of Beasts.
You worshipped Trog.
Trog was greatly pleased with you.
You visited 2 branches of the dungeon, and saw 10 of its levels.
You also visited: Ossuary.

You collected 1134 gold pieces.

Inventory:

Hand Weapons
 a - a +1 hand axe of venom (weapon)
 t - a +0 hand axe of electrocution
Missiles
 k - 30 poisoned darts (quivered)
Armour
 o - a +3 ring mail of cold resistance (worn)
 p - a +0 cloak (worn)
 q - a +0 pair of gloves (worn)
Jewellery
 x - the amulet of Foom (around neck) {Drain rC+++ rN+++ Will- Regen+}
   (You acquired it on level 8 of the Dungeon)

   [amulet of regeneration]

   rC+++:     It renders you almost immune to cold.
   rN+++:     It renders you almost immune to negative energy.
   Will-:     It decreases your willpower.
   Regen+:    It increases your rate of health regeneration.
   Drain:     It drains your maximum health when unequipped.
 y - a ring of see invisible (left hand)
Wands
 b - a wand of flame (18)
 l - a wand of polymorph (5)
 u - a wand of iceblast (4)
Scrolls
 f - 4 scrolls of teleportation
 h - 2 scrolls of poison
 s - 3 scrolls of silence
 w - a scroll of revelation
 z - a scroll of vulnerability
Potions
 c - a potion of resistance
 d - 3 potions of haste
 e - 3 potions of brilliance {unknown}
 g - 5 potions of lignification
 i - 6 potions of might
 j - 9 potions of curing
 m - a potion of magic
 n - 2 potions of enlightenment {unknown}
 r - 2 potions of ambrosia {unknown}
 v - a potion of invisibility {unknown}
 A - a potion of attraction


   Skills:
 + Level 8.4 Fighting
 + Level 10.9 Axes
 * Level 9.9 Armour
 * Level 7.9 Dodging
 + Level 2.7 Stealth
 + Level 1.1 Unarmed Combat


You had 10 spell levels left.
You didn't know any spells.
Your spell library was empty.

Dungeon Overview and Level Annotations

Branches:
Dungeon (9/15)             Temple (0/1) D:7            Lair (1/5) D:8
Ossuary (visited)
    Orc: D:9-12

Altars:
Cheibriados
Dithmenos
Elyvilon
Gozag
Hepliaklqana
Kikubaaqudgha
Okawaru
Vehumet
Xom

Shops:
D:8 *


Innate Abilities, Weirdness & Mutations

You are immune to sickness and miasma.
Your stone body is resilient. (AC +8)
You are immune to poison.
You resist negative energy. (rN+)
You are resistant to electric shocks. (rElec)
You are resistant to unholy torment.
You are immune to petrification.
Your natural rate of healing is unusually fast.
Your muscles are strong. (Str +4, Int/Dex -1)


Message History

You slash the catoblepas!
The catoblepas looks as sick as possible!
The catoblepas is heavily wounded.
The catoblepas gores you!!
Unknown command.
You hit the catoblepas but do no damage.
The catoblepas looks as sick as possible!
The catoblepas is heavily wounded.
You hit the catoblepas.
The catoblepas looks as sick as possible!
You punch the catoblepas, but do no damage.
The catoblepas is severely wounded.
The catoblepas breathes a plume of calcifying dust at you.
The blast of calcifying dust hits you!
Unknown command.
You hit the catoblepas but do no damage.
The catoblepas looks as sick as possible!
The catoblepas is severely wounded.
The catoblepas gores you!
* * * LOW HITPOINT WARNING * * *
Unknown command.
You completely miss the catoblepas.
The catoblepas is severely wounded.
The catoblepas gores you!
* * * LOW HITPOINT WARNING * * *
You hit the catoblepas but do no damage.
The catoblepas is severely wounded.
You hit the catoblepas but do no damage.
The catoblepas looks as sick as possible!
You punch the catoblepas, but do no damage.
The catoblepas is severely wounded.
The catoblepas gores you but does no damage.
Unknown command.
A red film seems to cover your vision as you go berserk!
You feel yourself moving faster!
You feel mighty! The catoblepas gores you!
* * * LOW HITPOINT WARNING * * *
You slash the catoblepas!
The catoblepas is almost dead.
The catoblepas gores you!
You die...

...........# #...........##
.........### ##....#P.....##
#.......## ##...........####
........########.......##...P.##
...............................#
.†.......#######.....#..#####..##
.........#.... #.#.#..###.#....##
.........#.###.#.#.#.##..##.#....
.........# +!#.Y@..#.# ...#......
.........#.###.#.#...##.##.......
.........#.... #.#.#.#..#.#.#....
.........#######.#.#)....#..#....
..................#.#...##..#....
.........#.#.####..#.#..#..#.#...
.........##.#.#.#.(.#[#.###..#...
...............#####.#.#####.....
.........####...##.#.#.#.###.#...


You could see a catoblepas (extremely poisoned).

Vanquished Creatures
  2 black mambas
  8 cane toads
  A rime drake (D:8)
  3 komodo dragons
  A hornet (D:7)
  3 polar bears
  A blink frog (Lair:1)
  2 wyverns (D:8)
  3 yaks (D:8)
  2 basilisks (Lair:1)
  2 steam dragons
  Edmund (D:4)
  Duvessa (D:6)
  3 water moccasins
  An orc warrior (D:9)
  A sky beast (D:7)
  A black bear (D:5)
  5 ice beasts
  3 ogres
  2 wolves (D:8)
  5 kobold brigands
  3 phantoms
  Blork the orc (D:4)
  9 bullfrogs
  4 scorpions
  2 gnoll sergeants
  8 wights
  Dowan (D:6)
  14 killer bees
  8 howler monkeys
  A crimson imp (D:5)
  3 jellies
  Crazy Yiuf (D:4)
  6 orc priests
  3 hounds (D:6)
  3 iguanas
  Natasha (thrice) (D:4)
  7 orc wizards
  9 mummies
  13 adders
  14 gnolls
  2 shadow imps
  2 white imps
  An ufetubus (D:4)
  7 worms
  8 dart slugs
  29 orcs
  4 ball pythons
  10 endoplasms
  2 giant cockroaches (D:2)
  10 goblins
  8 hobgoblins
  3 jackals
  6 quokkas
  4 bats
  4 frilled lizards
  A gnoll zombie (Ossuary)
  2 hobgoblin zombies (Ossuary)
  20 kobolds
  3 kobold zombies (Ossuary)
  2 orc zombies (Ossuary)
  6 rats
298 creatures vanquished.

Vanquished Creatures (collateral kills)
  4 gnolls (D:7)
  3 kobolds (D:7)
7 creatures vanquished.

Vanquished Creatures (others)
  A human (D:5)
1 creature vanquished.

Grand Total: 306 creatures vanquished

Notes
Turn   | Place    | Note
-------+----------+-------------------------------------------
     0 | D:1      | Gargoyl the Gargoyle Berserker began the quest for the Orb.
     0 | D:1      | Reached XP level 1. HP: 14/14 MP: 1/1
   148 | D:1      | Reached XP level 2. HP: 16/19 MP: 2/2
   163 | D:1      | Reached skill level 3 in Axes
   763 | D:2      | Reached XP level 3. HP: 23/24 MP: 3/3
   807 | D:2      | Reached ** piety under Trog
   914 | D:2      | Reached XP level 4. HP: 29/29 MP: 4/4
  1884 | D:3      | Reached XP level 5. HP: 32/33 MP: 5/5
  2449 | D:4      | Reached skill level 4 in Axes
  2517 | D:4      | Noticed an ogre
  2520 | D:4      | Noticed a phantom
  2524 | D:4      | Killed an ogre
  2525 | D:4      | Reached skill level 1 in Stealth
  2525 | D:4      | Reached XP level 6. HP: 37/39 MP: 6/6
  2781 | D:4      | Noticed Natasha
  2786 | D:4      | Killed Natasha
  3007 | D:4      | Noticed Edmund
  3024 | D:4      | Killed Edmund
  3025 | D:4      | Reached skill level 5 in Fighting
  3025 | D:4      | Reached skill level 5 in Axes
  3025 | D:4      | Reached XP level 7. HP: 17/44 MP: 7/7
  3247 | D:4      | Found a runed translucent door.
  3248 | D:4      | Noticed Crazy Yiuf
  3301 | D:4      | Noticed Natasha
  3312 | D:4      | Killed Natasha
  3438 | D:4      | Noticed Blork the orc
  3450 | D:4      | Killed Blork the orc
  3556 | D:4      | Reached skill level 5 in Armour
  3556 | D:4      | Reached XP level 8. HP: 45/49 MP: 8/8
  3590 | D:4      | Reached *** piety under Trog
  3822 | D:4      | Noticed Natasha
  3827 | D:4      | Killed Natasha
  3828 | D:4      | Reached skill level 6 in Axes
  3918 | D:4      | Killed Crazy Yiuf
  3930 | D:4      | Identified the +3 hammer of Zicweh {venom, *Slow rN+ Str+2}
  3972 | D:5      | Entered Level 5 of the Dungeon
  4005 | D:5      | Found an ancient bone altar of Kikubaaqudgha.
  4434 | D:5      | Identified the +5 longbow "Ygentyz" {heavy, rF+ rC- Int+2
                  | Dex+3}
  4543 | D:5      | Reached skill level 1 in Unarmed Combat
  5073 | D:6      | Reached skill level 7 in Axes
  5088 | D:6      | Reached XP level 9. HP: 55/55 MP: 9/9
  5212 | D:6      | Found a sand-covered staircase.
  5226 | Ossuary  | Entered an ossuary
  5484 | D:6      | Noticed Dowan
  5485 | D:6      | Noticed Duvessa
  5486 | D:6      | Found a hazy altar of Hepliaklqana.
  5493 | D:6      | Killed Dowan
  5509 | D:6      | HP: 1/55 [Duvessa/+2 vampiric short sword (7)]
  5510 | D:6      | Killed Duvessa
  5972 | D:6      | Found an opulent altar of Gozag.
  5987 | D:6      | Reached **** piety under Trog
  6381 | D:7      | Noticed a hornet
  6390 | D:7      | Killed a hornet
  6391 | D:7      | Reached skill level 5 in Dodging
  6434 | D:7      | Found a shadowy altar of Dithmenos.
  6533 | D:7      | Reached skill level 8 in Axes
  6802 | D:7      | Reached XP level 10. HP: 45/61 MP: 10/10
  7194 | D:7      | Found a staircase to the Ecumenical Temple.
  7338 | D:8      | Identified a scroll of acquirement
  7338 | D:8      | Acquired the amulet of Foom {Drain rC+++ rN+++ Will-
                  | Regen+}
  7506 | D:8      | Reached skill level 9 in Axes
  7532 | D:8      | Found a staircase to the Lair.
  7626 | D:8      | Gained mutation: You have hidden genetic defects. [potion
                  | of mutation]
  7626 | D:8      | Gained mutation: You are weak. (Str -2) [potion of
                  | mutation]
  7626 | D:8      | Gained mutation: Your natural rate of healing is unusually
                  | fast. [potion of mutation]
  7627 | D:8      | Lost mutation: You have hidden genetic defects. [potion of
                  | mutation]
  7627 | D:8      | Lost mutation: You are weak. (Str -2) [potion of mutation]
  7627 | D:8      | Gained mutation: Your muscles are strong. (Str +4, Int/Dex
                  | -1) [potion of mutation]
  7737 | D:8      | Found a white marble altar of Elyvilon.
  7977 | D:8      | Found a radiant altar of Vehumet.
  8018 | D:8      | Found Cupp's Lightly-Used Armoury.
  8099 | D:8      | Found an iron altar of Okawaru.
  8140 | D:8      | Found a snail-covered altar of Cheibriados.
  8425 | D:9      | Found a shimmering altar of Xom.
  8648 | D:9      | Reached XP level 11. HP: 67/67 MP: 11/11
  9114 | Lair:1   | Entered Level 1 of the Lair of Beasts
  9285 | D:8      | Reached skill level 10 in Axes
 10422 | Lair:1   | Noticed a catoblepas
 10455 | Lair:1   | HP: 4/103 [catoblepas (15)]
 10456 | Lair:1   | Mangled by a catoblepas

Illustrated notes

Levels and vault maps discovered:
D:1:      orjb1_clovarrival, layout_basic, st_stairs_14, hangedman_decor_lopped,
          minivault_26, minmay_indecisive_spiral
D:2:      layout_rooms, serial_curves, eino_curves_01, eino_curves_01,
          grunt_ministairs_6, minmay_tetromino_t4
D:3:      layout_basic
D:4:      minmay_polygon_palace, layout_layer_cave,
          chequers_serial_rivers_micro_a, uniq_blork_the_orc,
          uniq_crazy_yiuf_cottage, uniq_natasha, uniq_edmund
D:5:      layout_loops_cross, tgw_kikubaaqudgha, hangedman_decor_push,
          minmay_fire_ice_demons
D:6:      layout_loops_cross, mainiacjoe_overflow_surrounded_room,
          mainiacjoe_overflow_six_doors_small, gup_ossuary_entry_pyramid,
          minmay_unpleasant_kobolds, uniq_duvessa
D:7:      layout_loops_ring, mainiacjoe_overflow_24_doors,
          minmay_temple_entry_grid
D:8:      layout_loops_cross, nicolae_elyvilon_temple_path,
          nicolae_overflow_crystal_walls, mainiacjoe_overflow_two_lobes,
          hellmonk_lair_entry_icy, minmay_shop_damaged,
          minmay_misc_feat_diagonals, corexii_corridor_pit
D:9:      layout_irregular_city, xom_teletrap_fun
Lair:1:   layout_hall_layers, minmay_shattered_shrine, grunt_megastairs_5,
          lemuel_fruit_tree, infiniplex_staircase_pool_2

Skill      XL: |  1  2  3  4  5  6  7  8  9 10 11 |
---------------+----------------------------------+-----
Axes           | 3 4 5 7 8 9 10 | 10.9
Fighting       | 4 5 6 7 8 |  8.4
Dodging        | 2 3 4 5 7 |  7.9
Armour         | 3 5 7 8 9 |  9.9
Stealth        | 1 2 |  2.7
Unarmed Combat | 1 |  1.1

Action                     |  1- 3 |  4- 6 |  7- 9 | 10-12 || total
---------------------------+-------+-------+-------+-------++-------
  Melee: Hand axe          |    83 |   158 |   406 |   494 ||  1141
         Punch             |       |     2 |     6 |    13 ||    21
         Unarmed           |       |       |     9 |       ||     9
 Invoke: Berserk           |       |     2 |     7 |    10 ||    19
         Trog's Hand       |       |     2 |     4 |     4 ||    10
         Brothers in Arms  |       |       |     1 |       ||     1
    Use: Scroll            |     6 |     1 |     3 |     9 ||    19
         Potion            |       |       |     4 |     2 ||     6
   Stab: Sleeping          |     1 |       |       |       ||     1
         Petrified         |       |       |       |     1 ||     1
 Armour: Animal skin       |    45 |    34 |       |       ||    79
         Plate armour      |       |   109 |       |       ||   109
         Ring mail         |       |       |   305 |   401 ||   706
         Skin              |       |       |    19 |       ||    19
  Dodge: Dodged            |    62 |    59 |   295 |   321 ||   737

Table legend: (Time is in decaauts)
 A = Elapsed time spent in this place.
 B = Non-inter-level travel time spent in this place.
 C = Inter-level travel time spent in this place.
 D = Time resting spent in this place.
 E = Time spent auto-exploring this place.
 F = Levels seen in this place.
 G = Mean time per level.
                   A        B        C        D        E       F      G
               +--------+--------+--------+--------+--------+-----+--------+
         Total |  10527 |  10213 |    314 |   1016 |   6766 |  11 |  957.0 |
       Dungeon |   9292 |   8978 |    314 |    901 |   6035 |   9 | 1032.4 |
          Lair |    980 |    980 |      0 |     67 |    617 |   1 |  980.0 |
       Ossuary |    254 |    254 |      0 |     48 |    114 |   1 |  254.0 |
               +--------+--------+--------+--------+--------+-----+--------+

Top non-repeatable levels by time:
     D:4: 1588 daAuts
     D:8: 1389 daAuts
     D:6: 1188 daAuts
     D:3: 1025 daAuts
  Lair:1: 980 daAuts
     D:5: 967 daAuts
     D:7: 960 daAuts
     D:1: 753 daAuts
     D:9: 736 daAuts
     D:2: 682 daAuts
 Ossuary: 254 daAuts
